 Dungeon Crawl Stone Soup version 0.22-a0-619-ga0c6fd2ff5 (webtiles) character file.

62 JooJoo the Sneak (level 4, -1/26 HPs)
             Began as a Gargoyle Assassin on July 14, 2018.
             Slain by a hobgoblin
             ... wielding a +0 club
              (4 damage)
             ... on level 2 of the Dungeon.
             The game lasted 00:17:40 (6038 turns).

JooJoo the Sneak (Gargoyle Assassin)                Turns: 6038, Time: 00:17:40

Health: -1/26      AC:  6    Str: 15    XL:     4   Next: 8%
Magic:  4/4        EV:  7    Int: 12    God:
Gold:   17         SH: 11    Dex: 11    Spells: 3/3 levels left

rFire    . . .     SeeInvis .   p - +0 flail
rCold    . . .     Gourm    .   h - +0 large shield
rNeg     + . .     Faith    .   c - +0 robe
rPois    ∞         Spirit   .   (no helmet)
rElec    +         Reflect  .   d - +0 cloak
rCorr    .         Harm     .   (no gloves)
MR       .....                  (no boots)
Stlth    +++.......             (no amulet)
HPRegen  0.08/turn              (no ring)
MPRegen  0.09/turn              (no ring)

@: no status effects
A: negative energy resistance 1, electricity resistance, unbreathing,
petrification resistance, rot immunity, AC +3
a: no special abilities


You were on level 2 of the Dungeon.
You were hungry.

You visited 1 branch of the dungeon, and saw 2 of its levels.

You collected 17 gold pieces.

Inventory:

Hand Weapons
 a - a +2 dagger
 b - a +0 blowgun
 p - a +0 flail (weapon)
Missiles
 e - 8 poisoned needles
 m - 45 stones (quivered)
Armour
 c - a +0 robe (worn)
 d - a +0 cloak (worn)
 h - a +0 large shield (worn)
Jewellery
 f - an uncursed amulet of the gourmand {unknown}
 q - a cursed -3 ring of intelligence {unknown}
Scrolls
 g - 2 scrolls of remove curse {unknown}
 k - 2 scrolls of identify {unknown}
Potions
 i - a potion of haste {unknown}
 l - a potion of flight {unknown}
 r - a potion of brilliance {unknown}
 s - a potion of curing {unknown}
Comestibles
 n - a ration


   Skills:
 + Level 2.3 Fighting
 + Level 2.0 Short Blades
 + Level 0.1 Maces & Flails
 + Level 2.0 Throwing
 + Level 1.6 Dodging
 + Level 5.0 Stealth
 + Level 1.6 Shields


You had 3 spell levels left.
You didn't know any spells.
Your spell library was empty.

Dungeon Overview and Level Annotations

Branches:
Dungeon (2/15)

Altars:


Innate Abilities, Weirdness & Mutations

You are resistant to torment.
Your stone body is resilient. (AC +3)
You are immune to poison.
You resist negative energy. (rN+)
You are resistant to electric shocks. (rElec)
You can survive without breathing.
You are immune to petrification.
You are immune to rotting.


Message History

Aim: an adder You throw a stone.
The stone closely misses the adder.
The stone hits the kobold.
You kill the kobold!
You block the adder's attack. The adder closely misses you.
The hobgoblin hits you but does no damage.
Throwing (i - inventory)
m - 47 stones (quivered)
Press: ? - help, Shift-Dir - straight line, f/p - adder
Aim: an adder You throw a stone.
The stone hits the adder but does no damage.
The adder barely misses you. x2
The hobgoblin hits you but does no damage.
You block the adder's attack. x2
Throwing (i - inventory)
m - 46 stones (quivered)
Press: ? - help, Shift-Dir - straight line, f/p - adder
Aim: an adder You throw a stone.
The stone closely misses the adder.
You block the adder's attack. The hobgoblin hits you with a club.
You die...

#.
#.......#.......#.
#......(#.......#.
#.....# #.....###
#####...# #...# #
...(##'#######'#####
#)................
#SS...............
#@gl).(.....†.....
####'#######'#####
#...# #...# #
#.....# #.....###
#.......#..../..#.
#.......#.......#.
#.......#...(...#.
##.....###.....###
#.# #.#


You could see 2 adders, a hobgoblin and a frilled lizard.

Vanquished Creatures
  An adder (D:2)
  An ooze (D:2)
  A worm (D:2)
  2 dart slugs (D:1)
  2 leopard geckos (D:2)
  7 goblins
  5 hobgoblins
  2 jackals (D:1)
  6 bats
  2 frilled lizards (D:1)
  6 kobolds
  5 rats
40 creatures vanquished.

Notes
Turn   | Place    | Note
-------+----------+-------------------------------------------
     0 | D:1      | JooJoo the Gargoyle Assassin began the quest for the Orb.
     0 | D:1      | Reached XP level 1. HP: 12/12 MP: 1/1
  1612 | D:1      | Reached XP level 2. HP: 13/17 MP: 2/2
  2696 | D:1      | Reached skill level 1 in Dodging
  4390 | D:1      | Reached XP level 3. HP: 21/21 MP: 3/3
  4404 | D:1      | Reached skill level 1 in Shields
  5456 | D:2      | Reached skill level 5 in Stealth
  6014 | D:2      | Reached XP level 4. HP: 19/26 MP: 4/4
  6038 | D:2      | Slain by a hobgoblin

Vault maps used:
D:1:      moated_graveyard_arrival
D:2:      kennysheep_six_static_rooms, evilmike_ruin_ashenzari,
          doesnt_xom_only_xom

Skill      XL: |  1  2  3 |
---------------+----------+-----
Dodging        | 1 |  1.6
Shields        | 1 |  1.6
Short Blades   | 2 |  2.0
Throwing       | 2 |  2.0
Stealth        | 5 |  5.0
Fighting       | |  2.3
Maces & Flails | |  0.1

Action                   |  1- 3 |  4- 6 || total
-------------------------+-------+-------++-------
Melee: Dagger            |   127 |       ||   127
       Flail             |    13 |     4 ||    17
Throw: Stone             |    57 |     4 ||    61
 Stab: Sleeping          |     5 |       ||     5
  Eat: Chunk             |     8 |       ||     8
       Ration            |     2 |       ||     2
Armor: Robe              |   123 |    28 ||   151
Dodge: Dodged            |    90 |    16 ||   106
Block: Large shield      |   157 |    26 ||   183

Table legend:
 A = Spawn XP
 B = Non-spawn XP
 C = Spawn XP percentage of total XP
 D = Spawn monster count
 E = Non-spawn monster count
 F = Spawn count percentage of total count
 G = Total turns spent on level
                    A         B        C        D         E        F      G
               +---------+---------+-------+---------+---------+-------+---------
         Total |       0 |      89 |   0.0 |       0 |      40 |   0.0 |  6038
               +---------+---------+-------+---------+---------+-------+---------
           D:1 |       0 |      42 |   0.0 |       0 |      25 |   0.0 |  5321
           D:2 |       0 |      47 |   0.0 |       0 |      15 |   0.0 |   717
               +---------+---------+-------+---------+---------+-------+---------
